 Dungeon Crawl Stone Soup version 0.28.0-1-gb440e238dd (webtiles) character file.

Game seed: 15346048649414579892

761 issech the Cudgeller (level 7, -3/68 HPs)
             Began as a Troll Monk on Feb 24, 2022.
             Slain by a river rat (7 damage)
             ... summoned by Eustachio
             ... on level 4 of the Dungeon.
             The game lasted 00:11:00 (3314 turns).

issech the Cudgeller (Troll Monk)                   Turns: 3314, Time: 00:11:00

Health: -3/68      AC:  4    Str: 20    XL:     7   Next: 51%
Magic:  15/15      EV: 11    Int:  6    God:
Gold:   119        SH:  0    Dex: 14    Spells: 6/6 levels left

rFire   . . .      SeeInvis .   r - +0 flail
rCold   . . .      Faith    .   (no shield)
rNeg    . . .      Spirit   .   b - +0 robe
rPois   .          Reflect  .   (helmet restricted)
rElec   .          Harm     .   (no cloak)
rCorr   .          Rampage  .   (gloves unavailable)
Will    +....                   (boots unavailable)
Stlth   ++........              (no amulet)
HPRegen 1.01/turn               e - ring of willpower
MPRegen 0.14/turn               f - ring of magical power

@: no status effects
A: large, unfitting armour, claws 3, regeneration 1, shaggy fur 1, tough skin 1
a: no special abilities


You were on level 4 of the Dungeon.
You visited 1 branch of the dungeon, and saw 4 of its levels.

You collected 119 gold pieces.

Inventory:

Hand Weapons
 a - a +0 mace
 d - a +1 dagger of venom
 g - a +0 dagger of venom
 p - a +0 dagger of protection
 r - a +0 flail (weapon)
Missiles
 c - 235 stones (quivered)
 k - 33 arrows
 q - 13 bolts
 s - 29 sling bullets
Armour
 b - a +0 robe (worn)
 o - a +0 animal skin
Jewellery
 e - a ring of willpower (left claw)
 f - a ring of magical power (right claw)
 t - a +6 ring of strength
Scrolls
 h - 2 scrolls of teleportation
 i - a scroll of amnesia
 j - a scroll of vulnerability
 l - a scroll of fear {unknown}
Potions
 m - a potion of flight {unknown}
 n - 3 potions of curing {unknown}


   Skills:
 + Level 3.8 Fighting
 + Level 6.2 Maces & Flails
 + Level 4.0 Dodging
 + Level 1.5 Stealth


You had 6 spell levels left.
You didn't know any spells.
Your spell library was empty.

Dungeon Overview and Level Annotations

Branches:
Dungeon (4/15)
 Temple: D:4-7

Altars:
Cheibriados
Gozag

Annotations:
D:4 Eustachio


Innate Abilities, Weirdness & Mutations

You are too large for most types of armour.
You have claws for hands.
Your natural rate of healing is unusually fast.
You are covered in fur. (AC +1)
You have tough skin. (AC +1)


Message History

Eustachio hits you with a +0 rapier. The river rat bites you.
The rat bites you but does no damage. The river rat closely misses you.
You hit Eustachio.
Eustachio is almost dead.
Eustachio closely misses you.
The river rat bites you but does no damage.
The rat barely misses you.
The river rat bites you but does no damage.
You closely miss Eustachio.
Eustachio is almost dead.
Eustachio hits you with a +0 rapier. The river rat bites you.
The rat closely misses you. The river rat bites you. x2
Eustachio barely misses you.
You hit Eustachio but do no damage.
Eustachio is almost dead.
The rat bites you but does no damage.
The river rat twitches its whiskers.
The river rat closely misses you. The river rat bites you.
Eustachio hits you with a +0 rapier!
* * * LOW HITPOINT WARNING * * *
You barely miss Eustachio.
Eustachio is almost dead.
The rat closely misses you. The river rat misses you.
Eustachio hits you with a +0 rapier.
* * * LOW HITPOINT WARNING * * *
The river rat closely misses you.
You barely miss Eustachio.
Eustachio is almost dead.
The rat closely misses you.
The river rat bites you but does no damage.
Eustachio hits you with a +0 rapier!
* * * LOW HITPOINT WARNING * * *
The river rat bites you.
* * * LOW HITPOINT WARNING * * *
You barely miss Eustachio.
Eustachio is almost dead.
The rat barely misses you.
The river rat bites you but does no damage.
The river rat bites you!
You die...

... .... # #. .... ##.# #.#
..... ####...# #..#
.....###....# #...##
#......@@r..##
##....##.......rr.###
..................#
..................####
.....................####
...............###......###
...............# #######..#
....####.......# ###.#
...## #.....# ##..##


You could see Eustachio, 2 river rats and a rat (summoned).

Vanquished Creatures
  Grinder (D:3)
  A necrophage (D:4)
  A phantom (D:2)
  A scorpion (D:4)
  A wyvern skeleton (D:3)
  Jessica (D:3)
  Ijyb (D:3)
  2 iguanas
  Robin (D:3)
  A howler monkey zombie (D:3)
  3 adders
  4 gnolls (D:4)
  3 worms
  5 dart slugs
  3 orcs
  8 endoplasms
  3 giant cockroaches
  6 hobgoblins
  4 quokkas
  7 ball pythons
  A bat (D:2)
  2 frilled lizards (D:1)
  11 goblins
  9 kobolds
  6 rats
86 creatures vanquished.

Notes
Turn   | Place    | Note
-------+----------+-------------------------------------------
     0 | D:1      | issech the Troll Monk began the quest for the Orb.
     0 | D:1      | Reached XP level 1. HP: 22/22 MP: 0/0
   321 | D:1      | Reached XP level 2. HP: 29/29 MP: 1/1
   716 | D:1      | Reached skill level 3 in Maces & Flails
  1160 | D:2      | Reached XP level 3. HP: 36/36 MP: 2/2
  1450 | D:2      | Noticed a phantom
  1473 | D:2      | Killed a phantom
  1474 | D:2      | Reached skill level 4 in Maces & Flails
  1474 | D:2      | Reached XP level 4. HP: 18/44 MP: 3/3
  1611 | D:2      | Reached XP level 5. HP: 52/52 MP: 4/4
  2005 | D:3      | Noticed Grinder
  2078 | D:3      | Paralysed by Grinder for 6 turns
  2084 | D:3      | Killed Grinder
  2085 | D:3      | Reached skill level 5 in Maces & Flails
  2085 | D:3      | Reached XP level 6. HP: 23/61 MP: 5/5
  2209 | D:3      | Noticed Robin
  2259 | D:3      | Killed Robin
  2283 | D:3      | Noticed Ijyb
  2355 | D:3      | Killed Ijyb
  2471 | D:3      | Noticed Jessica
  2487 | D:3      | Killed Jessica
  2488 | D:3      | Reached XP level 7. HP: 67/67 MP: 6/6
  2595 | D:3      | Found an opulent altar of Gozag.
  2752 | D:3      | Found a snail-covered altar of Cheibriados.
  3110 | D:4      | Noticed Eustachio
  3161 | D:4      | Reached skill level 6 in Maces & Flails
  3313 | D:4      | HP: 3/68 [river rat[Eustachio] (1)]
  3314 | D:4      | Slain by a river rat

Illustrated notes

Levels and vault maps discovered:
D:1:      onia_arrival_mini_maze_b, layout_basic
D:2:      layout_basic
D:3:      layout_rooms, mainiacjoe_overflow_alcove_2, lemuel_doored_altar,
          uniq_robin, uniq_jessica, uniq_grinder, uniq_ijyb
D:4:      minmay_spotlight, layout_layer_cave, uniq_eustachio

Skill      XL: |  1  2  3  4  5  6  7 |
---------------+----------------------+-----
Maces & Flails | 3 4 5 6 |  6.2
Dodging        | 3 4 |  4.0
Fighting       | 3 |  3.8
Stealth        | |  1.5

Action                   |  1- 3 |  4- 6 |  7- 9 || total
-------------------------+-------+-------+-------++-------
Melee: Mace              |   140 |   181 |    36 ||   357
       Punch             |     2 |     4 |       ||     6
       Flail             |       |       |    69 ||    69
  Use: Scroll            |       |     3 |       ||     3
 Stab: Sleeping          |     2 |     3 |     1 ||     6
Armor: Robe              |    57 |    33 |    25 ||   115
Dodge: Dodged            |    87 |   102 |    84 ||   273
